cohdb
Replays
Latest Replays
All Replays
Popular Replays
Top Player Replays
Match Explorer
How It Works
Community
CoH3 Stats
Reddit
Sign in to upload your games and track your stats! →
Sign in with Steam
Match 28471707
Unlisted
Match 28471707
Overview
Messages
Build Orders
End
Selects Armored Battlegroup
Selects Assault Engineers
Assault Engineer Squad
Assault Engineer Squad
Assault Engineer Squad
Infantry Support Center
Assault Engineer Squad
Construct Weapon Support Center
Construct Medical Station
Bazooka Squad
Assault Engineer Squad
Survival Training
Advanced Logistics
Assault Engineer Squad
Selects Strength in Steel
Selects Field Repairs
Improved M9 Bazooka Rockets
Bazooka Squad
Assault Engineer Squad
Bazooka Squad
Construct Tank Depot
Bazooka Squad
Selects War Machine
M4(105) Sherman Bulldozer
Bazooka Squad
Selects Seek and Destroy
Selects UNKNOWN (2160077)
M4A3E8 Sherman Easy Eight
SmartestDavid
gfgfg
JJH
魂归来兮
Wanton_Endangerment999
iAinEng
Rango
TheForceHFC
0
0
Comments
sign in to comment!
No comments posted yet!